AoeStats
← TroyMCclure6232

Nomad

510419557Analyzed
4v4 RM · 3d ago on Sep 30, 2026· 45m 15s· 8 players
Game mode
Random Map
Map size
231×231
Population
200
Speed
Normal
Resources
Standard
Victory
Conquest
Starting age
Dark Age
Ending age
Imperial Age
RankedLock teamsTeams togetherTeam positionsShared explorationLock speedFull tech treeHidden civsTurbo modeCheats
Victory
Defeat
🇦🇷 Burgundians · Argentina
1355
+4
🇨🇴 Malay · Colombia
966
+17
🇵🇪 Slavs · Peru
886
+19
🇦🇷 Bulgarians · Argentina
873
+20
🇦🇷 Vietnamese · Argentina
1026
-16
🇦🇷 Ethiopians · Argentina
1011
-16
🇨🇳 Britons · China
998
-15
🇪🇸 Hindustanis · Spain
957
-13
超人不是我
14:56 Feudal Age
14:57 Man-at-Arms
16:34 Wheelbarrow
16:02 Loom
17:18 Arson
20:52 Fletching
21:14 Forging
22:28 Gold Mining
23:19 Scale Mail Armor
25:47 Double-Bit Axe
25:47 Horse Collar
30:58 Castle Age
28:52 Stone Mining
28:58 Horse Collar
32:43 Bodkin Arrow
33:33 Murder Holes
39:33 Bow Saw
40:04 Gold Shaft Mining
42:39 Imperial Age
41:52 Hand Cart
SGTSanju
14:34 Feudal Age
23:05 Castle Age
22:58 Horse Collar
25:07 Double-Bit Axe
29:21 Bloodlines
29:13 Husbandry
32:43 Heavy Plow
33:12 Stone Mining
35:52 Forging
40:36 Iron Casting
40:06 Scale Barding Armor
mgm
5:25 Loom
14:12 Feudal Age
14:49 Double-Bit Axe
19:16 Fletching
21:18 Horse Collar
25:10 Padded Archer Armor
28:11 Castle Age
28:27 Pikeman
32:05 Crossbowman
34:05 Forging
35:35 Leather Archer Armor
35:19 Bodkin Arrow
38:43 Wheelbarrow
44:31 Iron Casting
Theviejo
8:02 Loom
8:36 Loom
13:33 Feudal Age
14:04 Double-Bit Axe
17:45 Town Watch
25:19 Castle Age
23:58 Fletching
24:27 Gold Mining
24:22 Horse Collar
25:56 Scale Barding Armor
29:07 Bodkin Arrow
30:22 Wheelbarrow
29:25 Crossbowman
33:59 Imperial Age
33:01 Padded Archer Armor
34:44 Bow Saw
36:07 Ballistics
36:37 Bracer
39:46 Leather Archer Armor
41:35 Chemistry
41:32 Heavy Plow
42:20 Thumb Ring
42:55 Arbalester
44:21 Hand Cart
TheCris
7:42 Loom
17:58 Feudal Age
17:22 Man-at-Arms
17:51 Fishing Lines
21:38 Wheelbarrow
23:29 Forging
25:50 Castle Age
24:39 Scale Barding Armor
26:10 Iron Casting
26:42 Husbandry
28:49 Hand Cart
29:24 Double-Bit Axe
30:37 Gillnets
37:11 Imperial Age
36:21 Long Swordsman
36:32 Elite Battle Elephant
38:17 Blast Furnace
39:03 Stone Mining
39:05 Gold Mining
41:14 Treadmill Crane
45:13 Coinage
TroyMCclure6232
3:46 Loom
14:25 Feudal Age
15:16 Arson
17:21 Forging
17:56 Scale Mail Armor
28:56 Fletching
32:10 Padded Archer Armor
35:29 Castle Age
36:33 Gambesons
36:50 Squires
38:13 Pikeman
41:41 Chain Mail Armor
43:07 Iron Casting
Zorrito del Sur
9:04 Loom
15:38 Feudal Age
16:18 Double-Bit Axe
16:16 Horse Collar
17:43 Gold Mining
18:30 Stone Mining
19:18 Town Watch
25:57 Castle Age
24:35 Fletching
25:33 Wheelbarrow
27:20 Bodkin Arrow
29:03 Forging
29:26 Scale Barding Armor
30:58 Bow Saw
34:20 Fishing Lines
37:11 Heavy Plow
39:04 Chain Barding Armor
39:18 Padded Archer Armor
39:45 Elite Skirmisher
40:46 Leather Archer Armor
40:34 Gillnets
41:47 Gold Shaft Mining
42:36 Iron Casting
42:26 Husbandry
42:37 Bloodlines
45:01 Hand Cart
PNAL | TommyA
5:26 Loom
8:47 Fishing Lines
12:46 Feudal Age
13:02 Double-Bit Axe
13:12 Gold Mining
14:20 Bow Saw
17:34 Fletching
25:19 Castle Age
24:53 Gillnets
25:05 Horse Collar
26:23 Gold Shaft Mining
32:55 Imperial Age
31:02 Wheelbarrow
30:45 Forging
31:48 Cavalier
33:04 Iron Casting
32:34 Scale Barding Armor
33:12 Husbandry
34:38 Blast Furnace
33:15 Paladin
36:18 Medium Warships
37:18 Chain Barding Armor
37:36 Bodkin Arrow
38:37 Husbandry
45:11 Plate Barding Armor
Connection lost

Rejoining the realm…

Still unreachable

The connection could not be restored.

Session expired

The server has moved on; the page needs a fresh start.